 Dungeon Crawl Stone Soup version 0.26-a0-649-gf8c6c3a (webtiles) character file.

Game seed: 11818717662686887224

1448532 dolemite99 the Conqueror (level 27, 272/273 HPs)
             Began as a Minotaur Fighter on Sept 26, 2020.
             Was a High Priest of Okawaru.
             Escaped with the Orb
             ... and 3 runes on Sept 27, 2020!
             The game lasted 04:08:29 (128329 turns).

dolemite99 the Conqueror (Minotaur Fighter)       Turns: 128329, Time: 04:08:30

Health: 272/273    AC: 32    Str: 23      XL:     27
Magic:  30/30      EV: 14    Int: 26 (29) God:    Okawaru [*****.]
Gold:   1578       SH:  0    Dex: 14      Spells: 22/42 levels left

rFire    + + .     SeeInvis +   a - +9 bardiche (freeze)
rCold    + + .     Faith    +   (shield currently unavailable)
rNeg     + + .     Spirit   .   A - +5 gold dragon scales
rPois    +         Reflect  .   r - +0 mask of the Dragon {MR+ Slay+3 SInv}
rElec    +         Harm     .   i - scarf {+Inv}
rCorr    .         Rampage  .   B - +1 pair of gloves of Peiduil {rC+ Int+5}
MR       +++..                  H - +2 pair of boots {run}
Stlth    ..........             y - amulet "Heos" {Faith Int+4 Dex+4}
HPRegen  0.55/turn              h - ring "Buclyer" {rElec rPois rN+ Int+6 Dex-2}
MPRegen  0.22/turn              X - ring of Qeroer {rN+ Str-2 Int+4 Slay+4 SInv}

@: quick
A: retaliatory headbutt, horns 2, iridescent scales 1, molten scales 1, blurry
vision 1, deformed body, fire resistance 1, low mp 1, weak 1, MP-powered wands
0: Orb of Zot
}: 3/15 runes: serpentine, barnacled, silver
a: Heroism, Finesse, Renounce Religion, Evoke Invisibility


You escaped.
You worshipped Okawaru.
Okawaru was extremely pleased with you.
You visited 12 branches of the dungeon, and saw 58 of its levels.
You visited the Abyss 1 time.
You visited 1 bazaar.
You visited 1 ziggurat, and saw 9 of its levels.
You also visited: Gauntlet, Volcano and Desolation.

You collected 10988 gold pieces.
You spent 9410 gold pieces at shops.

Inventory:

Hand Weapons
 a - a +9 bardiche of freezing (weapon)
 b - the +10 longbow "Faany" {flame, rElec Stlth+}
   (Okawaru gifted it to you on level 1 of the Lair of Beasts)

   It causes projectiles fired from it to burn those they strike, causing extra
   injury to most foes and up to half again as much damage against particularly
   susceptible opponents.
   It insulates you from electricity.
   It makes you more stealthy.
Missiles
 l - 2169 arrows
Armour
 i - a scarf of invisibility (worn)
 r - the +0 mask of the Dragon (worn) {MR+ Slay+3 SInv}
   (You bought it in a shop on level 2 of the Snake Pit)

   It affects your accuracy and damage with ranged weapons and melee attacks
   (+3).
   It affects your resistance to hostile enchantments.
   It lets you see invisible.
 A - +5 gold dragon scales (worn)
 B - the +1 pair of gloves of Peiduil (worn) {rC+ Int+5}
   (Okawaru gifted it to you on level 2 of the Realm of Zot)

   It affects your intelligence (+5).
   It protects you from cold.
 H - a +2 pair of boots of running (worn)
 W - a +1 pair of gloves of strength
Jewellery
 g - an uncursed ring of protection from magic
 h - the ring "Buclyer" (left hand) {rElec rPois rN+ Int+6 Dex-2}
   (You acquired it on level 1 of the Elven Halls)

   [ring of intelligence]

   It affects your intelligence (+6).
   It affects your dexterity (-2).
   It insulates you from electricity.
   It protects you from poison.
   It protects you from negative energy.
 j - an uncursed ring of resist corrosion
 n - the ring of Kixiache {rF+ rC+ Str+6}
   (You bought it in a shop on level 1 of the Depths)

   [ring of strength]

   It affects your strength (+6).
   It protects you from fire.
   It protects you from cold.
 v - the ring of Nuosarud {rF++ Int+2 Stlth-}
   (You found it on level 5 of the Realm of Zot)

   [ring of attention]

   It affects your intelligence (+2).
   It greatly protects you from fire.
   It makes you less stealthy.
 w - the ring "Woasecut" {Wiz rElec rF+}
   (You found it in the Desolation of Salt)

   [ring of wizardry]

   It improves your spell success rate.
   It protects you from fire.
   It insulates you from electricity.
 y - the amulet "Heos" (around neck) {Faith Int+4 Dex+4}
   (You bought it in a shop on level 1 of the Depths)

   [amulet of faith]

   It allows you to gain divine favour quickly.
   It affects your intelligence (+4).
   It affects your dexterity (+4).
 X - the ring of Qeroer (right hand) {rN+ Str-2 Int+4 Slay+4 SInv}
   (You took it off a deep elf sorcerer on level 3 of the Elven Halls)

   [ring of slaying]

   It affects your strength (-2).
   It affects your intelligence (+4).
   It affects your accuracy and damage with ranged weapons and melee attacks
   (+4).
   It protects you from negative energy.
   It lets you see invisible.
Wands
 o - a wand of enslavement (20)
 p - a wand of paralysis (39)
 C - a wand of digging (25)
 J - a wand of polymorph (46)
 T - a wand of iceblast (12)
Scrolls
 d - 31 scrolls of teleportation
 f - a scroll of magic mapping
 q - 31 scrolls of remove curse {@r2}
 t - 5 scrolls of fog
 G - a scroll of enchant weapon
 N - 7 scrolls of fear
 P - 3 scrolls of blinking
 R - 4 scrolls of immolation
 Y - 4 scrolls of silence
Potions
 c - 8 potions of curing
 k - 2 potions of cancellation
 m - 9 potions of haste
 s - a potion of ambrosia
 u - 12 potions of berserk rage
 x - 9 potions of mutation
 E - 4 potions of might
 F - 2 potions of heal wounds
 I - a potion of resistance
 K - 9 potions of stabbing
 L - 5 potions of invisibility
 O - 2 potions of magic
 Q - 5 potions of brilliance
 U - 11 potions of flight
Miscellaneous
 e - a condenser vane (2/2)
 z - a tin of tremorstones (1/3)
 D - a lightning rod (4/4)
 S - a phial of floods (inert)
 V - a box of beasts (1/3)
 Z - a phantom mirror


   Skills:
 O Level 27 Fighting
 - Level 23.7 Polearms
 - Level 15.1 Bows
 - Level 3.0 Throwing
 - Level 19.7 Armour
 + Level 18.9 Dodging
   Level 3.6 Shields
 - Level 8.0 Spellcasting
 - Level 10.9 Hexes
 - Level 11.0 Necromancy
 - Level 11.0 Translocations
 - Level 11.0 Transmutations
 - Level 9.0 Air Magic
 - Level 11.4 Earth Magic
 - Level 12.0 Invocations
 - Level 14.7 Evocations


You had 22 spell levels left.
You knew the following spells:

 Your Spells              Type           Power        Failure   Level
a - Animate Dead          Necr           ######....   12%         4
b - Portal Projectile     Hex/Tloc       ######       3%          3
c - Wereblood             Tmut           ######..     1%          2
e - Vampiric Draining     Necr           ######....   3%          3
f - Mephitic Cloud        Conj/Pois/Air  ####....     67%         3
p - Passwall              Tmut/Erth      ######..     1%          2
s - Animate Skeleton      Necr           ######       1%          1
z - Swiftness             Air            ######..     4%          2

Your spell library contained the following spells:

 Spells                   Type           Power        Failure   Level
 Beastly Appendage        Tmut           ######       1%          1
 Corona                   Hex            ######.      1%          1
 Pain                     Necr           ####         1%          1
 Sandblast                Erth           ######       1%          1
 Slow                     Hex            ######..     1%          2
 Confusing Touch          Hex            ######..     3%          3
 Gell's Gravitas          Tloc           ######....   3%          3
 Sting                    Tmut/Pois      ####         11%         1
 Leda's Liquefaction      Hex/Erth       ######....   11%         4
 Petrify                  Tmut/Erth      ######..     11%         4
 Cause Fear               Hex            ######....   12%         4
 Shock                    Conj/Air       ####         17%         1
 Ensorcelled Hibernation  Hex/Ice        #####.       17%         2
 Poisonous Vapours        Pois/Air       ####..       26%         2
 Airstrike                Air            ######....   26%         4
 Lee's Rapid Deconstruct  Erth           ######....   26%         5
 Borgnjor's Vile Clutch   Necr/Erth      ######....   28%         5
 Stone Arrow              Conj/Erth      #####.       30%         3
 Spider Form              Tmut/Pois      #####.....   32%         3
 Agony                    Necr           ######..     32%         5
 Blade Hands              Tmut           ######....   32%         5
 Yara's Violent Unravell  Hex/Tmut       ######....   32%         5
 Dazzling Flash           Conj/Hex       #####.       34%         3
 Inner Flame              Hex/Fire       #####...     34%         3
 Summon Guardian Golem    Hex/Summ       #####...     34%         3
 Static Discharge         Conj/Air       ####....     45%         3
 Silence                  Hex/Air        ######....   45%         5
 Ignite Poison            Fire/Tmut/Pois ####....     56%         3
 Foxfire                  Conj/Fire      ##..         71%         1
 Freeze                   Ice            ##..         71%         1
 Magic Dart               Conj           ##..         71%         1
 Summon Small Mammal      Summ           ##..         71%         1
 Ice Form                 Ice/Tmut       #####...     73%         4
 Iskenderun's Mystic Bla  Conj/Tloc      #####...     73%         4
 Fulminant Prism          Conj/Hex       #####.....   75%         4
 Call Imp                 Summ           ##......     85%         2
 Searing Ray              Conj           ##....       85%         2
 Summon Lightning Spire   Summ/Air       ####....     86%         4
 Death Channel            Necr           ######....   87%         6
 Call Canine Familiar     Summ           ##......     97%         3
 Conjure Flame            Conj/Fire      ##......     97%         3
 Frozen Ramparts          Ice            ##....       97%         3
 Ozocubu's Armour         Ice            ##......     97%         3
 Metabolic Englaciation   Hex/Ice        #####.....   97%         5
 Summon Mana Viper        Hex/Summ       #####...     97%         5
 Bolt of Magma            Conj/Fire/Erth ####......   99%         5
 Lightning Bolt           Conj/Air       ####......   99%         5
 Hailstorm                Conj/Ice       ##......     100%        4
 Olgreb's Toxic Radiance  Pois           ##......     100%        4
 Sticky Flame             Conj/Fire      ##......     100%        4
 Summon Ice Beast         Ice/Summ       ##......     100%        4
 Fireball                 Conj/Fire      ##........   100%        5
 Iskenderun's Battlesphe  Conj           ##......     100%        5
 Summon Demon             Summ           ##........   100%        5
 Conjure Ball Lightning   Conj/Air       ####......   100%        6
 Freezing Cloud           Conj/Ice/Air   ####......   100%        6
 Iron Shot                Conj/Erth      #####.....   100%        6
 Shadow Creatures         Summ           N/A          100%        6
 Simulacrum               Ice/Necr       #####.....   100%        6
 Starburst                Conj/Fire      ##........   100%        6
 Orb of Destruction       Conj           ##........   100%        7
 Spellforged Servitor     Conj/Summ      ##........   100%        7
 Discord                  Hex            ######....   100%        8
 Ignition                 Fire           ##........   100%        8
 Shatter                  Erth           ######....   100%        9
 Tornado                  Air            ######....   100%        9


Dungeon Overview and Level Annotations

Branches:
Dungeon (15/15)            Temple (0/1) D:7            Lair (6/6) D:8
 Shoals (4/4) Lair:4        Snake (4/4) Lair:3        Slime (5/5) Lair:5
    Orc (2/2) D:12            Elf (3/3) Orc:2        Vaults (5/5) D:14
  Crypt (3/3) Vaults:2       Tomb (0/3) Crypt:3      Depths (5/5) D:15
   Hell (visited)             Zot (5/5) Depths:5    Volcano (visited)
Desolation (visited)      Gauntlet (visited)
    Dis: Hell:1         Geh: Hell:1         Coc: Hell:1         Tar: Hell:1

Altars:
Ashenzari
Cheibriados
Fedhas
Kikubaaqudgha
Nemelex Xobeh
Okawaru
Qazlal
Ru
Sif Muna
Trog
Vehumet
Wu Jian
Yredelemnul
Jiyva

Shops:
D:4 [   D:6 *   D:8 [   D:12 ((   Orc:2 =(*[   Elf:1 ((   Shoals:1 *
Snake:2 [?=?   Vaults:4 *   Depths:1 }==   Depths:3 ***=   Depths:4 *

Portals:
Hell: Depths:1 Depths:2 Depths:3 Depths:4 Depths:5
Abyss: Depths:4 Depths:5
Pandemonium: Depths:3

Annotations:
D:5 Ijyb
D:6 exclusion: downstairs
Slime:5 Royal Jelly
Crypt:1 2 transporters, exclusion: obsidian statue
Crypt:2 exclusion: downstairs
Crypt:3 Khufu
Depths:4 exclusion: downstairs
Hell Geryon
Zot:5 1 exclusion


Innate Abilities, Weirdness & Mutations

You reflexively headbutt those who attack you in melee.
You have a pair of horns on your head.
You are partially covered in iridescent scales. (AC +2)
You are partially covered in molten scales. (AC +2)
Scrolls take you a little longer to read.
Armour fits poorly on your strangely shaped body.
Your flesh is heat resistant. (rF+)
Your magical capacity is low. (-10% MP)
You are weak. (Str -2)
You expend magic power (3 MP) to strengthen your wands.


Message History

You begin to meditate on the wall.
You continue meditating on the rock.
The shadow demon hits you but does no damage.
You continue meditating on the rock.
The shadow demon gestures.
You continue meditating on the rock.
The shadow demon hits you but does no damage.
You finish merging with the rock.
Casting: Passwall (safe; 1% risk of failure)
Confirm with . or Enter, or press ? or * to list all spells.
Press: ? - help, Dir - move target cursor A rock wall.
This square is covered in magical glow.
You begin to meditate on the wall.
You continue meditating on the rock. x3
You finish merging with the rock.
A chaos spawn, a pandemonium lord and a lich come into view.
Purudix gestures.
Purudix seems to speed up.
There is a staircase leading out of the dungeon here.
Purudix gestures.
You have escaped!

.......#
#.#♣......8.......#..#
.......#
#.#..♣...........##...
......##
#.#............#####..
#####.####
#.#..4.4.......∩.##...
.........#
#.#.L..........####...
##.......#
#.#♣3&3.........#.....
P#.......#
#.#.......♣.....#..##.
.........#
#.#.............#.....
♣P.......#
#.##.@...[.....###.##.
♣........#
#..##......#∩### #.##.
.♣P......#
##..##.....∩.# ##.##.
....######
##..#≈....### ##..##.
.######
##.###♣♣######..###.
......##
#....####...........
##.##..#
#.#..(....#.#.......
♣♣♣♣##.#
#.#......>#.#.......
♣.P♣♣#.#
#....######.#.......


You could see Purudix (fast), a lich, a sixfirhy (summoned), a smoke demon
(summoned) and 2 chaos spawn.

Vanquished Creatures
  8 orbs of fire
  2 ancient liches
  2 greater mummies
  6 Killer Klowns
  Margery (Depths:2)
  Saint Roka (Depths:1)
  Xtahua (Crypt:2)
  A curse toe (Zot:5)
  Nikola (Depths:1)
  2 pandemonium lords
  9 golden dragons
  Jory (Depths:3)
  6 electric golems
  5 liches
  A Tzitzimitl (Zig:8)
  2 Brimstone Fiends (Zig:9)
  Rupert (Snake:1)
  14 tentacled monstrosities
  3 deep elf blademasters
  25 Orb Guardians (Zot:5)
  3 quicksilver dragons
  6 titans
  The ghost of Egunifem the Quickloader, an adept HaHu of Dithmenos (Snake:1)
  A deep elf master archer (Elf:3)
  15 acid blobs
  3 ancient champions
  Asterion (Snake:2)
  2 sphinxes (shapeshifter)
  3 death cobs
  A kraken (Shoals:1)
  2 Executioners
  18 storm dragons
  11 shadow dragons
  4 tengu reavers
  6 sphinxes
  Roxanne (Snake:3)
  8 nagarajas
  4 revenants
  9 draconian monks
  9 azure jellies
  Ilsuiw (Shoals:4)
  Donald (Vaults:4)
  13 fire giants
  13 frost giants
  7 deep elf sorcerers
  3 ghost moths
  15 vault wardens
  3 iron dragons
  Aizul (Snake:2)
  7 draconian scorchers
  3 large abominations
  5 imperial myrmidons (Desolation)
  2 warmongers
  8 draconian knights
  4 curse skulls
  2 juggernaut zombies (Depths:2)
  A balrug (Hell)
  5 deep elf elementalists
  An emperor scorpion (Zig:5)
  4 orc warlords
  9 ghouls
  14 ironheart preservers
  7 draconian annihilators
  5 draconian shifters
  4 draconian stormcallers
  3 reapers
  28 very ugly things
  A war gargoyle (Vaults:5)
  4 deep elf demonologists
  8 entropy weavers
  2 corrupters
  30 stone giants
  10 green draconians
  2 dire elephants
  6 deep elf annihilators
  7 vampire knights
  The ghost of marklar909 the Zephyrmancer, a journeyman TeAE of Vehumet (Lair:6)
  A starcursed mass (Abyss:3)
  7 black draconians
  7 white draconians
  8 yellow draconians
  A black sun (Zig:8)
  3 spark wasps
  A minotaur (Gauntlet)
  6 red draconians
  Azrael (Snake:1)
  4 purple draconians
  8 eidola
  6 merfolk impalers
  3 blizzard demons
  2 crystal guardians
  8 merfolk javelineers (Shoals:4)
  A quicksilver dragon zombie (Crypt:2)
  10 ettins
  12 jiangshi
  3 green deaths (Zig:9)
  4 death oozes (Slime:5)
  11 deep elf death magi
  Josephine (D:10)
  A spectral golden dragon (Crypt:3)
  9 fire dragons
  A quicksilver dragon skeleton (Crypt:2)
  15 yaktaur captains
  7 servants of whispers (Desolation)
  6 ragged hierophants (Desolation)
  6 deep elf high priests
  26 vault guards
  11 great orbs of eyes
  7 hydras
  11 ice dragons
  5 rakshasas
  A hell beast (D:3)
  12 naga warriors
  Harold (D:7)
  5 spriggan air magi
  10 peacekeepers
  2 catoblepae (Lair:4)
  7 merfolk aquamancers
  14 centaur warriors
  6 satyrs
  5 death knights
  3 merfolk avatars
  2 alligators (Lair:5)
  14 ogre magi
  Erica (D:10)
  2 alligator snapping turtles
  9 anacondas
  A spectral frost giant (Crypt:3)
  3 death yaks (Lair:6)
  45 two-headed ogres
  2 titan zombies (Crypt:2)
  9 tengu warriors
  A hell hog (Volcano)
  Urug (Lair:1)
  4 spriggan berserkers
  28 dancing weapons
  11 deep troll earth magi
  15 deep troll shamans
  5 soul eaters
  3 shock serpents
  8 vampire magi
  3 hell knights (Depths:2)
  18 deep elf knights
  3 sun demons
  8 orc high priests
  A storm dragon zombie (Crypt:2)
  14 naga sharpshooters
  17 skeletal warriors
  A fire crab (shapeshifter) (Depths:1)
  6 shadow wraiths
  A storm dragon skeleton (Crypt:3)
  18 sea snakes
  2 titan skeletons
  2 spectral anacondas (Crypt:3)
  10 iron trolls
  49 deep trolls
  2 shadow demons (Elf:2)
  A spectral iron dragon (Crypt:3)
  An anaconda zombie (Hell)
  A deep troll (shapeshifter) (Vaults:3)
  8 naga ritualists
  10 phantasmal warriors
  6 wizards
  10 flayed ghosts
  4 glowing orange brains
  A spectral hydra (Crypt:3)
  A swamp dragon (Lair:5)
  An orange crystal statue (Depths:2)
  18 deep elf archers
  16 ironbrand convokers
  An obsidian statue (Crypt:2)
  12 necromancers
  2 lindwurms
  13 harpies
  A spectral wolf spider (Crypt:3)
  Pikel (D:5)
  A frost giant zombie (Crypt:2)
  An orb spider (shapeshifter) (Depths:1)
  17 orc knights
  2 shadow dragon zombies
  A wolf spider zombie (D:14)
  A shadow dragon skeleton (Crypt:1)
  23 fauns
  2 stone giant zombies
  9 mana vipers
  16 manticores
  4 wolf spiders
  An orb spider (Zig:5)
  7 orc sorcerers
  2 shining eyes
  An iron dragon zombie (Crypt:2)
  68 deep elf magi
  A tengu skeleton (Depths:2)
  3 cyclopes
  A shining eye (shapeshifter) (Vaults:4)
  A salamander (shapeshifter) (Vaults:1)
  An iron dragon skeleton (Hell)
  61 ugly things
  A fire giant zombie (Crypt:2)
  4 salamanders
  A centaur zombie (D:13)
  32 moths of wrath
  6 merfolk sirens
  2 spectral ettins (Crypt:3)
  Maurice (D:9)
  41 black mambas
  7 guardian serpents
  17 elephants
  An ice statue (Depths:2)
  6 water nymphs
  3 titan simulacra
  A rust devil (Zig:9)
  28 naga magi
  11 vault sentinels
  3 eyes of devastation
  A molten gargoyle (Hell)
  2 torpor snails
  A black mamba (shapeshifter) (D:14)
  An elephant (shapeshifter) (Vaults:5)
  2 smoke demons
  4 kobold demonologists
  7 komodo dragons
  An eye of devastation (shapeshifter) (Vaults:5)
  A hellion (Zig:9)
  9 cane toads
  2 gargoyles
  A yaktaur zombie (Vaults:1)
  6 rime drakes
  5 spectral swamp worms (Depths:1)
  16 freezing wraiths
  34 yaktaurs
  4 efreet
  A white draconian skeleton (Crypt:1)
  A hydra zombie (Crypt:2)
  4 ice devils
  A red devil (Gauntlet)
  2 demonic crawlers
  13 merfolk
  A spectral harpy (Crypt:3)
  16 trolls
  3 meliai (D:14)
  6 tengu conjurers
  3 guardian mummies (Crypt:2)
  7 polar bears
  A catoblepas skeleton (Crypt:1)
  6 wind drakes
  A wind drake (shapeshifter) (Vaults:2)
  A shadow dragon simulacrum (Vaults:3)
  A troll (shapeshifter) (Vaults:1)
  56 saltlings (Desolation)
  3 hornets (shapeshifter)
  3 jumping spiders
  7 hornets
  A tengu simulacrum (Vaults:1)
  A raiju (shapeshifter) (Elf:2)
  Grinder (D:5)
  A wolf spider simulacrum (D:15)
  4 raiju
  6 blink frogs
  100 slime creatures
  2 harpy zombies
  4 dream sheep (Shoals:1)
  A fire dragon zombie (Crypt:2)
  2 ice dragon zombies
  A spectral swamp dragon (Crypt:3)
  4 snapping turtles (Shoals:3)
  2 bog bodies
  A meliai zombie (D:14)
  A hippogriff (shapeshifter) (Elf:1)
  A hydra skeleton (Crypt:1)
  2 air elementals
  An ettin zombie (Hell)
  A fire dragon skeleton (Crypt:3)
  A shadow (Crypt:3)
  An alligator skeleton (Crypt:1)
  2 ettin skeletons
  20 hippogriffs
  8 wyverns
  4 ice dragon skeletons
  2 tarantellas (shapeshifter)
  4 flying skulls (Crypt:1)
  15 wraiths
  6 redbacks
  A shock serpent simulacrum (Crypt:3)
  10 fire elementals
  3 fire bats (Volcano)
  26 yaks
  A tarantella (Zig:5)
  22 water elementals
  2 chaos spawn
  A neqoxec (Zig:8)
  3 basilisks
  3 yaks (shapeshifter)
  Eustachio (D:6)
  9 golden eyes
  9 vampire mosquitoes
  4 steam dragons (Volcano)
  Grum (Lair:1)
  A gelid demonspawn zombie (Crypt:1)
  A human simulacrum (Vaults:1)
  4 swamp worms (Lair:5)
  9 wargs
  An acid dragon (Vaults:1)
  47 nagas
  A naga (shapeshifter) (Vaults:1)
  19 soldier ants
  3 porcupines
  A hydra simulacrum (Crypt:3)
  3 swamp drakes (Lair:5)
  A floating eye (shapeshifter) (Vaults:5)
  21 water moccasins
  4 hell hounds
  5 sky beasts
  An ice dragon simulacrum (Hell)
  A black bear (D:10)
  53 orc warriors
  An eye of draining (shapeshifter) (Vaults:4)
  4 ice beasts
  2 phantoms
  40 ogres
  6 necrophages
  3 boggarts
  23 wolves
  An ogre (shapeshifter) (Zot:1)
  31 centaurs
  8 eyes of draining
  A snapping turtle skeleton (Hell)
  A lemure (D:5)
  10 crocodiles
  5 big kobolds
  17 bullfrogs
  A human skeleton (Vaults:1)
  An earth elemental (Elf:2)
  2 wyvern zombies
  An elf skeleton (Crypt:1)
  5 scorpions
  9 killer bees
  A spectral naga (Crypt:3)
  16 wights
  A polar bear skeleton (Crypt:1)
  A raiju skeleton (Crypt:1)
  3 electric eels
  2 howler monkeys
  4 bullfrog zombies
  4 crimson imps
  A quasit (D:10)
  A human zombie (Crypt:2)
  18 orc priests
  6 hounds
  Crazy Yiuf (D:6)
  A bullfrog skeleton (D:13)
  4 jellies
  23 orc wizards
  2 iguanas (D:8)
  9 centaur skeletons
  Terence (D:2)
  20 worker ants
  An ogre zombie (Crypt:1)
  A felid skeleton (Crypt:3)
  2 bullfrog simulacra (D:8)
  A naga skeleton (Crypt:3)
  A hound zombie (D:5)
  10 mummies
  A worker ant zombie (D:6)
  7 gnolls
  19 adders
  A hound simulacrum (D:8)
  A shadow imp (D:10)
  3 white imps
  5 ufetubi
  A lava snake zombie (Crypt:1)
  2 adder skeletons (D:4)
  4 worms
  2 dart slugs
  116 orcs
  8 giant cockroaches
  5 goblins
  10 hobgoblins
  19 jackals
  5 quokkas
  5 ball pythons
  10 bats
  6 frilled lizards
  A goblin skeleton (Crypt:3)
  A jackal skeleton (D:4)
  25 kobolds
  A kobold zombie (D:7)
  4 orc zombies
  A quokka simulacrum (D:8)
  A quokka skeleton (D:7)
  14 rats
  A rat zombie (Crypt:2)
  5 crawling corpses (Depths:3)
  4 tentacles (Shoals:1)
2836 creatures vanquished.

Vanquished Creatures (collateral kills)
  A tentacled monstrosity (Zot:1)
  Frances (Snake:2)
  A shadow dragon (Depths:4)
  A death cob (Zot:1)
  A storm dragon (Depths:4)
  A draconian monk (Zot:1)
  A nagaraja (Snake:4)
  2 fire giants (Zot:2)
  A draconian scorcher (Zot:1)
  A frost giant (Depths:4)
  A cacodemon (Zig:8)
  A draconian stormcaller (Zot:2)
  A draconian annihilator (Zot:2)
  A very ugly thing (Depths:4)
  A spriggan defender (Depths:4)
  A corrupter (Zig:8)
  2 green draconians
  2 deep elf annihilators (Elf:3)
  A red draconian (Zot:2)
  A white draconian (Zot:5)
  2 yellow draconians
  A purple draconian (Zot:2)
  A merfolk impaler (Shoals:4)
  2 servants of whispers (Desolation)
  A peacekeeper (Desolation)
  A quicksilver dragon skeleton (Hell)
  A spriggan air mage (Depths:4)
  2 vault guards (Vaults:5)
  A queen ant (Lair:6)
  A satyr (Shoals:4)
  2 dancing weapons (Elf:2)
  A vampire mage (Crypt:3)
  A death scarab (Zig:4)
  A deep elf knight (Elf:2)
  A soul eater (D:5)
  A salamander mystic (Snake:4)
  4 skeletal warriors (Crypt:3)
  An ironbrand convoker (Vaults:5)
  A sphinx zombie (Crypt:3)
  4 ugly things
  6 moths of wrath
  4 fauns (Shoals:4)
  A frost giant zombie (Zig:4)
  A salamander (Snake:4)
  A guardian serpent (Desolation)
  A naga mage (Snake:4)
  A centaur skeleton (D:15)
  2 yaktaurs
  An efreet (D:15)
  A guardian mummy (Zig:4)
  A hippogriff (Shoals:4)
  A snapping turtle (Shoals:4)
  9 saltlings (Desolation)
  5 soldier ants (Lair:6)
  A tengu zombie (Zig:4)
  A raiju skeleton (Crypt:3)
  A mummy (Zig:4)
  4 ball lightnings (Zig:8)
95 creatures vanquished.

Vanquished Creatures (others)
  A death cob (Zot:2)
  A green draconian (Zot:2)
  2 red draconians (Zot:2)
  A purple draconian (Zot:2)
  A deep elf high priest (Elf:3)
  A deep elf mage (Elf:3)
  A yaktaur (Depths:5)
  A water elemental (Elf:2)
  An ogre (Vaults:4)
  A snapping turtle skeleton (Hell)
  A jelly (D:10)
  8 ball lightnings (Zig:8)
  7 bushes (D:15)
  25 fungi
  244 plants
  14 tentacles (Shoals:1)
  23 withered plants
333 creatures vanquished.

Grand Total: 3264 creatures vanquished

Notes
Turn   | Place    | Note
-------+----------+-------------------------------------------
     0 | D:1      | dolemite99 the Minotaur Fighter began the quest for the
                  | Orb.
     0 | D:1      | Reached XP level 1. HP: 19/19 MP: 0/0
   272 | D:1      | Reached XP level 2. HP: 26/26 MP: 1/1
  1067 | D:2      | Noticed Terence
  1068 | D:2      | Reached XP level 3. HP: 30/31 MP: 2/2
  1086 | D:2      | Killed Terence
  1086 | D:2      | Reached skill level 5 in Polearms
  1103 | D:2      | Noticed an ogre
  1120 | D:2      | Killed an ogre
  1120 | D:2      | Reached XP level 4. HP: 39/39 MP: 3/3
  1120 | D:2      | Reached XP level 5. HP: 45/45 MP: 4/4
  2262 | D:3      | Found a stormy altar of Qazlal.
  2268 | D:3      | Found a broken altar of Ashenzari.
  2272 | D:3      | Found an iron altar of Okawaru.
  2273 | D:3      | Found a radiant altar of Vehumet.
  2278 | D:3      | Became a worshipper of Warmaster Okawaru
  2752 | D:3      | Found a faded altar of an unknown god.
  2983 | D:3      | Reached XP level 6. HP: 51/51 MP: 5/5
  3919 | D:4      | Reached XP level 7. HP: 57/57 MP: 6/6
  3926 | D:4      | Reached * piety under Okawaru
  4201 | D:4      | Reached skill level 4 in Fighting
  4212 | D:4      | Found an ornate altar of the Wu Jian Council.
  4289 | D:4      | Found Nureucaw's Antique Armour Emporium.
  4822 | D:5      | Entered Level 5 of the Dungeon
  4884 | D:5      | Found a snail-covered altar of Cheibriados.
  5016 | D:5      | Reached skill level 1 in Invocations
  5400 | D:5      | Found an ancient bone altar of Kikubaaqudgha.
  5404 | D:5      | Noticed Ijyb
  5406 | D:5      | Noticed Grinder
  5680 | D:5      | Noticed Pikel
  5701 | D:5      | Killed Pikel
  5701 | D:5      | Reached XP level 8. HP: 66/66 MP: 7/9
  5710 | D:5      | Reached ** piety under Okawaru
  6187 | D:6      | Noticed Eustachio
  6208 | D:6      | Reached skill level 10 in Polearms
  6213 | D:6      | Killed Eustachio
  6552 | D:6      | Noticed a two-headed ogre
  6565 | D:6      | Killed a two-headed ogre
  6565 | D:6      | Reached *** piety under Okawaru
  6565 | D:6      | Reached XP level 9. HP: 50/71 MP: 7/10
  6716 | D:6      | Found Meipn's Assorted Antiques.
  6792 | D:6      | Found a runed translucent door.
  6793 | D:6      | Noticed Crazy Yiuf
  7026 | D:6      | Killed Crazy Yiuf
  7166 | D:7      | Noticed Harold
  7185 | D:7      | Found a staircase to the Ecumenical Temple.
  7341 | D:7      | Killed Harold
  7341 | D:7      | Reached **** piety under Okawaru
  7382 | D:7      | Reached XP level 10. HP: 20/78 MP: 9/11
  8034 | D:7      | Reached skill level 1 in Bows
  8351 | D:7      | Identified a scroll of acquirement
  8351 | D:7      | Acquired a manual of Polearms
  8530 | D:8      | Found a staircase to the Lair.
  8860 | D:8      | Reached skill level 15 in Polearms
  8893 | D:8      | Found Kodedgh's Armour Shoppe.
  9782 | D:8      | Found a bloodstained altar of Trog.
  9818 | D:9      | Noticed a two-headed ogre
  9823 | D:9      | Noticed a two-headed ogre
  9826 | D:9      | Killed a two-headed ogre
 10005 | D:9      | Found a blossoming altar of Fedhas.
 10012 | D:9      | Noticed Maurice
 10406 | D:9      | Noticed a two-headed ogre
 10418 | D:9      | Killed a two-headed ogre
 10418 | D:9      | Reached ***** piety under Okawaru
 10418 | D:9      | Reached XP level 11. HP: 84/84 MP: 10/12
 10692 | Lair:1   | Entered Level 1 of the Lair of Beasts
 10797 | Lair:1   | Noticed Grum
 10810 | Lair:1   | Killed Grum
 10971 | Lair:1   | Noticed Urug
 10987 | Lair:1   | Killed Urug
 10987 | Lair:1   | Reached skill level 5 in Bows
 11582 | Lair:1   | Received a gift from Okawaru
 11586 | Lair:1   | Got an encrusted longbow {god gift}
 11591 | Lair:1   | Identified the +10 longbow "Faany" {flame, rElec Stlth+}
                  | (Okawaru gifted it to you on level 1 of the Lair of Beasts)
 12572 | Lair:2   | You fall into a shaft and drop 2 floors!
 12572 | Lair:4   | Found a staircase to the Shoals.
 12607 | Lair:3   | Noticed a four-headed hydra
 12612 | Lair:3   | Killed a four-headed hydra
 12632 | Lair:3   | Reached skill level 10 in Bows
 12664 | Lair:3   | Noticed a five-headed hydra
 12678 | Lair:3   | Killed a five-headed hydra
 12769 | Lair:3   | Found a staircase to the Snake Pit.
 12777 | Lair:3   | Reached XP level 12. HP: 91/91 MP: 13/13
 12870 | Lair:3   | Noticed a four-headed hydra
 12992 | Lair:2   | Noticed Sonja
 12996 | Lair:2   | Noticed Sonja
 12996 | Lair:2   | Sonja changed into Sonja the raiju
 13004 | Lair:2   | Killed Sonja the raiju
 13311 | Lair:2   | Got a twisted morningstar
 13434 | Lair:3   | Killed a four-headed hydra
 13708 | Lair:3   | Received a gift from Okawaru
 13768 | Lair:3   | Received a gift from Okawaru
 13778 | Lair:3   | Got a shimmering hat {god gift}
 13785 | Lair:3   | Identified the +1 hat "Laoxae" {MR+++ MP+9 Int-3 Stlth+}
                  | (Okawaru gifted it to you on level 3 of the Lair of Beasts)
 13894 | Lair:3   | Reached skill level 5 in Evocations
 13972 | Lair:4   | Noticed a four-headed hydra
 13982 | Lair:4   | Killed a four-headed hydra
 14682 | Lair:4   | Reached skill level 5 in Invocations
 14979 | Lair:4   | Noticed a catoblepas
 15050 | Lair:4   | Noticed a catoblepas
 15063 | Lair:4   | Killed a catoblepas
 15225 | Lair:4   | Killed a catoblepas
 15225 | Lair:4   | Reached XP level 13. HP: 93/96 MP: 13/17
 15513 | Lair:5   | Found a viscous altar of Jiyva.
 15513 | Lair:5   | Found a staircase to the Slime Pits.
 15595 | Lair:5   | Reached skill level 5 in Fighting
 15944 | Lair:5   | Acquired a manual of Translocations
 15978 | Lair:5   | Received a gift from Okawaru
 15981 | Lair:5   | Identified the +3 spear "Yfigeic" {pain, Int+7} (Okawaru
                  | gifted it to you on level 5 of the Lair of Beasts)
 16014 | Lair:5   | Reached skill level 6 in Fighting
 16558 | Lair:5   | Reached skill level 7 in Fighting
 16958 | Lair:5   | Reached skill level 8 in Fighting
 17227 | Lair:6   | Entered Level 6 of the Lair of Beasts
 17227 | Lair:6   | Found a transporter.
 17227 | Lair:6   | Found a transporter.
 17227 | Lair:6   | Noticed marklar909's ghost (journeyman TeAE)
 17325 | Lair:6   | Reached skill level 9 in Fighting
 17533 | Lair:6   | Reached skill level 10 in Fighting
 17565 | Lair:6   | Received a gift from Okawaru
 17594 | Lair:6   | Received a gift from Okawaru
 17707 | Lair:6   | Reached skill level 10 in Armour
 18004 | Lair:6   | Reached skill level 11 in Fighting
 18281 | Lair:6   | Reached XP level 14. HP: 124/124 MP: 10/18
 18738 | Lair:6   | Identified the cursed ring of Xom's Generosity {rC++ AC-4
                  | Str+4 Int-5} (You found it on level 6 of the Lair of
                  | Beasts)
 18802 | Lair:6   | Received a gift from Okawaru
 18885 | Lair:6   | Noticed an entropy weaver
 18892 | Lair:6   | Killed an entropy weaver
 18948 | Lair:6   | Noticed an entropy weaver
 18951 | Lair:6   | Killed an entropy weaver
 19198 | Lair:6   | Received a gift from Okawaru
 19774 | D:6      | Bought a dented bronze amulet for 115 gold pieces
 20540 | D:9      | Found a sparkling altar of Nemelex Xobeh.
 20638 | D:9      | Killed Maurice
 20645 | D:9      | You fall into a shaft and drop 1 floor!
 20645 | D:10     | Entered Level 10 of the Dungeon
 20709 | D:10     | Reached skill level 12 in Fighting
 20945 | D:10     | Noticed Josephine
 20961 | D:10     | Killed Josephine
 21248 | D:10     | Identified the +4 morningstar of Dyderoiz {freeze, Int+5}
                  | (You found it on level 2 of the Lair of Beasts)
 21407 | D:9      | Found a transporter.
 21634 | D:9      | Found a transporter.
 21895 | D:10     | Noticed Erica
 21901 | D:10     | Killed Erica
 21901 | D:10     | Reached ****** piety under Okawaru
 22385 | D:11     | Received a gift from Okawaru
 22764 | D:11     | Received a gift from Okawaru
 23261 | D:12     | Found Bapp's Weapon Boutique.
 23261 | D:12     | Found a staircase to the Orcish Mines.
 23287 | D:12     | Found a gate leading to a gauntlet.
 23300 | Gauntlet | Entered a Gauntlet
 23300 | Gauntlet | Found a transporter.
 23300 | Gauntlet | Found a transporter.
 23302 | Gauntlet | Found a transporter.
 23306 | Gauntlet | Found a transporter.
 23308 | Gauntlet | Found a transporter.
 23324 | Gauntlet | Found a runed translucent door.
 23343 | Gauntlet | Found a transporter.
 23345 | Gauntlet | Found a transporter.
 23345 | Gauntlet | Found a transporter.
 23347 | Gauntlet | Noticed an entropy weaver
 23357 | Gauntlet | Found a transporter.
 23373 | Gauntlet | Found a transporter.
 23389 | Gauntlet | Found a runed translucent gate.
 23390 | Gauntlet | Found a transporter.
 23390 | Gauntlet | Found a runed translucent gate.
 23391 | Gauntlet | Found a runed translucent gate.
 23395 | Gauntlet | Found a transporter.
 23432 | Gauntlet | Found a transporter.
 23443 | Gauntlet | Found a transporter.
 23609 | Gauntlet | Killed an entropy weaver
 23614 | Gauntlet | Got a spiked hat
 23620 | Gauntlet | Identified the +1 hat of Sloth {rPois rF+ MP+9} (You found
                  | it in a Gauntlet)
 23798 | Gauntlet | Identified Lehudib's Almanac of Earthen Conjuration
 24728 | D:12     | Found Qeikusam's Antique Weapon Emporium.
 24981 | D:13     | Reached skill level 13 in Fighting
 24981 | D:13     | Reached XP level 15. HP: 115/135 MP: 19/19
 25096 | D:13     | Received a gift from Okawaru
 26014 | Orc:1    | Entered Level 1 of the Orcish Mines
 26015 | Orc:1    | Paralysed by an orc sorcerer for 5 turns
 26275 | Orc:2    | Entered Level 2 of the Orcish Mines
 26283 | Orc:2    | Received a gift from Okawaru
 26381 | Orc:2    | Received a gift from Okawaru
 26428 | Orc:2    | Found Guntel's Antique Armour Shop.
 26443 | Orc:2    | Bought a pair of faintly humming boots for 275 gold pieces
 26456 | Orc:2    | Identified the cursed +0 pair of boots of the Lost Path
                  | {Rampage MP+9 Int-2 Dex+5} (You bought it in a shop on
                  | level 2 of the Orcish Mines)
 26560 | Orc:2    | Found Vautox's Jewellery Emporium.
 26573 | Orc:2    | Found Numecr Wash's General Store.
 26578 | Orc:2    | Found a staircase to the Elven Halls.
 26587 | Orc:2    | Reached skill level 1 in Dodging
 26697 | Orc:2    | Found a dark tunnel.
 26702 | Orc:2    | Found Ficewykk's Antique Weapon Boutique.
 26717 | Volcano  | Entered a volcano
 27146 | Orc:2    | Noticed an orc warlord
 27156 | Orc:2    | Killed an orc warlord
 27181 | Orc:2    | Reached skill level 5 in Dodging
 27345 | Orc:2    | Bought an uncursed ring of protection from cold for 300
                  | gold pieces
 27345 | Orc:2    | Bought an uncursed ring of see invisible for 180 gold
                  | pieces
 27686 | Orc:2    | Bought an ancient longbow for 266 gold pieces
 27686 | Orc:2    | Identified the +10 longbow "Qeshrerph" {venom, *Drain rElec
                  | Str+4} (You bought it in a shop on level 2 of the Orcish
                  | Mines)
 27992 | D:14     | Received a gift from Okawaru
 28266 | D:14     | Found a sacrificial altar of Ru.
 28586 | D:14     | Received a gift from Okawaru
 28790 | D:14     | Found a gate to the Vaults.
 28831 | D:14     | Received a gift from Okawaru
 29033 | D:15     | Entered Level 15 of the Dungeon
 29338 | D:15     | Reached skill level 10 in Dodging
 29505 | D:15     | Found a staircase to the Depths.
 29546 | D:15     | Reached XP level 16. HP: 145/145 MP: 20/20
 30137 | D:15     | Acquired a manual of Polearms
 30665 | Snake:1  | Entered Level 1 of the Snake Pit
 30688 | Snake:1  | Noticed Rupert
 30705 | Snake:1  | Killed Rupert
 30797 | Snake:1  | Received a gift from Okawaru
 31061 | Snake:1  | Noticed Azrael
 31070 | Snake:1  | Killed Azrael
 31569 | Snake:1  | Received a gift from Okawaru
 32032 | Snake:1  | Received a gift from Okawaru
 32162 | Snake:1  | Found a runed translucent door.
 32163 | Snake:1  | Noticed Egunifem's ghost (adept HaHu)
 32908 | Snake:2  | Noticed Asterion
 32913 | Snake:2  | Noticed Frances
 32920 | Snake:2  | Killed Asterion
 32931 | Snake:2  | Killed Frances
 33932 | Snake:2  | Reached skill level 14 in Fighting
 33993 | Snake:2  | Found Boxos's Jewellery Shoppe.
 33994 | Snake:2  | Found Maekamuw's Magic Scroll Shoppe.
 33994 | Snake:2  | Found Kitav's Antique Armour Emporium.
 33999 | Snake:2  | Found Dumusimo's Magic Scroll Emporium.
 34001 | Snake:2  | Bought an uncursed ring of protection from magic for 425
                  | gold pieces
 34004 | Snake:2  | Bought a scroll of silence for 120 gold pieces
 34004 | Snake:2  | Bought a scroll of holy word for 120 gold pieces
 34007 | Snake:2  | Bought a scroll of brand weapon for 260 gold pieces
 34008 | Snake:2  | Bought a scroll of brand weapon for 260 gold pieces
 34010 | Snake:2  | Bought a scroll of enchant weapon for 97 gold pieces
 34018 | Snake:2  | Bought a pair of runed boots for 202 gold pieces
 34028 | Snake:2  | Identified a +0 pair of boots of running (You bought it in
                  | a shop on level 2 of the Snake Pit)
 34035 | Snake:2  | Noticed Aizul
 34051 | Snake:2  | Killed Aizul
 34052 | Snake:2  | Found a bloodstained altar of Trog.
 34585 | Snake:3  | Reached XP level 17. HP: 123/152 MP: 21/21
 34715 | Snake:3  | Noticed Roxanne
 34736 | Snake:3  | Killed Roxanne
 34828 | Snake:3  | Received a gift from Okawaru
 35168 | Snake:4  | Entered Level 4 of the Snake Pit
 35177 | Snake:4  | Received a gift from Okawaru
 35202 | Snake:4  | Received a gift from Okawaru
 36469 | Snake:4  | Received a gift from Okawaru
 36474 | Snake:4  | Paralysed by a naga ritualist for 3 turns
 37095 | Snake:4  | Reached skill level 10 in Evocations
 37110 | Snake:4  | Upgraded the game from 0.26-a0-648-g87339cc to
                  | 0.26-a0-649-gf8c6c3a
 37566 | Snake:4  | Got a serpentine rune of Zot
 37608 | Snake:4  | Acquired 950 gold pieces
 37789 | Snake:2  | Bought the +0 mask of the Dragon {MR+ Slay+3 SInv} for 901
                  | gold pieces
 37789 | Snake:2  | Found the +0 mask of the Dragon {MR+ Slay+3 SInv}
 37878 | Shoals:1 | Entered Level 1 of the Shoals
 38587 | Shoals:1 | Found Xaerch's Assorted Antiques.
 38592 | Shoals:1 | Noticed a kraken
 38892 | Shoals:1 | Identified the +0 halberd "Caojo" {venom, Str-5 Dex+6}
 39158 | Shoals:1 | Killed a kraken
 39517 | Shoals:1 | Found a shimmering blue altar of Sif Muna.
 39783 | Shoals:2 | Reached XP level 18. HP: 141/161 MP: 19/24
 39788 | Shoals:2 | Received a gift from Okawaru
 39950 | Shoals:2 | Identified the +5 chain mail of the Tarantula {rCorr} (You
                  | found it on level 2 of the Shoals)
 40499 | D:5      | Killed Grinder
 40600 | D:5      | Identified the +5 hand axe "Lefon" {flame, MP+9 Dex+2} (You
                  | found it on level 5 of the Dungeon)
 41727 | Shoals:2 | Received a gift from Okawaru
 41728 | Shoals:2 | Found the +0 pair of fencer's gloves {Riposte Dex+3}
 43845 | Shoals:3 | Reached skill level 15 in Fighting
 45030 | Vaults:1 | Entered Level 1 of the Vaults
 46016 | Vaults:1 | Reached skill level 15 in Armour
 46156 | Vaults:1 | Received a gift from Okawaru
 46559 | Vaults:1 | Received a gift from Okawaru
 47028 | Vaults:1 | Identified the +4 spear of Uskayaw's Castigation {venom,
                  | +Fly rElec rF- rC+} (You found it on level 1 of the Vaults)
 47430 | Vaults:1 | Reached XP level 19. HP: 107/172 MP: 17/25
 47457 | Vaults:1 | Received a gift from Okawaru
 48481 | Vaults:2 | Found a staircase to the Crypt.
 49864 | Vaults:3 | Learned a level 2 spell: Swiftness
 50334 | Vaults:3 | Received a gift from Okawaru
 51267 | Vaults:3 | Received a gift from Okawaru
 52365 | Snake:2  | Bought an uncursed amulet of faith for 680 gold pieces
 52618 | Elf:1    | Entered Level 1 of the Elven Halls
 52855 | Elf:1    | Received a gift from Okawaru
 52927 | Elf:1    | Received a gift from Okawaru
 53062 | Elf:1    | Found a ruined gateway.
 53107 | Desolati | Entered the Desolation of Salt
 53230 | Desolati | Received a gift from Okawaru
 53231 | Desolati | Got a tattered robe {god gift}
 53799 | Desolati | Learned a level 1 spell: Animate Skeleton
 53802 | Desolati | Learned a level 2 spell: Passwall
 53805 | Desolati | Learned a level 2 spell: Wereblood
 53893 | Desolati | Reached XP level 20. HP: 105/180 MP: 20/26
 55445 | Desolati | Got a vibrating emerald amulet
 55446 | Desolati | Identified the amulet "Noac Cye" {Faith *Corrode rC+ Str+4}
                  | (You found it in the Desolation of Salt)
 55449 | Desolati | Got an ancient iron amulet
 55450 | Desolati | Identified the amulet of the Peasants {Regen+ Str+2 Dex+2}
                  | (You found it in the Desolation of Salt)
 55453 | Desolati | Identified the Tome of Glacial Bewitchment
 55464 | Desolati | Identified the +10 flail "Riorph" {speed, rPois rC+ MR+
                  | SInv} (You found it in the Desolation of Salt)
 56372 | Desolati | Identified the Grimoire of Entrancing Creation
 56379 | Desolati | Identified the cursed +0 dagger of Punishment {venom,
                  | *Contam +Rage Str+8 SInv} (You found it in the Desolation
                  | of Salt)
 56381 | Desolati | Identified the ring "Woasecut" {Wiz rElec rF+} (You found
                  | it in the Desolation of Salt)
 56403 | Desolati | Identified the amulet "Avyac" {Inacc +Inv MR+ MP-9 Str+3}
                  | (You found it in the Desolation of Salt)
 56470 | Desolati | Received a gift from Okawaru
 56476 | Desolati | Reached skill level 16 in Fighting
 56702 | Desolati | Identified the +10 hunting sling of Breach {flame, rC- rN+
                  | MR+ Int+3} (You found it in the Desolation of Salt)
 56710 | Desolati | Identified the cursed +3 dagger of Contradiction {freeze,
                  | rElec} (You found it in the Desolation of Salt)
 57061 | Elf:1    | Found Ezeuden's Weapon Shoppe.
 57066 | Elf:1    | Found Irurhish's Weapon Shop.
 57159 | Elf:1    | Acquired the ring "Buclyer" {rElec rPois rN+ Int+6 Dex-2}
 58031 | Elf:2    | Received a gift from Okawaru
 58371 | Elf:2    | Reached skill level 17 in Fighting
 58381 | Elf:2    | Found a huge runed translucent gate.
 58381 | Elf:2    | Found a huge runed translucent gate.
 58381 | Elf:2    | Found a huge runed translucent gate.
 58387 | Elf:2    | Found a huge runed translucent gate.
 58387 | Elf:2    | Found a huge runed translucent gate.
 58836 | Elf:2    | Found a shimmering blue altar of Sif Muna.
 59443 | Elf:2    | Cast into level 3 of the Abyss (a deep elf demonologist)
 59581 | Elf:2    | Escaped the Abyss
 59823 | Elf:2    | Identified the Grimoire of Calling
 59986 | Elf:2    | Reached skill level 18 in Fighting
 60556 | Elf:2    | Received a gift from Okawaru
 61325 | Vaults:4 | Received a gift from Okawaru
 61328 | Vaults:4 | Reached XP level 21. HP: 131/196 MP: 19/27
 62126 | Vaults:4 | Received a gift from Okawaru
 62408 | Vaults:4 | Received a gift from Okawaru
 62487 | Vaults:4 | Identified the +2 pair of boots of a treasure trove {*Slow
                  | rPois rCorr Stlth+} (Okawaru gifted it to you on level 4 of
                  | the Vaults)
 62531 | Vaults:4 | Reached skill level 15 in Dodging
 62837 | Vaults:4 | Noticed Donald
 62841 | Vaults:4 | Killed Donald
 63371 | Vaults:4 | Found Sawkun's General Store.
 63377 | Vaults:4 | Bought a tin of tremorstones (3/3) for 560 gold pieces
 64161 | Shoals:4 | Entered Level 4 of the Shoals
 64298 | Shoals:4 | Received a gift from Okawaru
 64299 | Shoals:4 | Identified the +2 hat of Dishonesty {rN+ Dex+3} (Okawaru
                  | gifted it to you on level 4 of the Shoals)
 64889 | Shoals:4 | Got a barnacled rune of Zot
 65225 | Shoals:4 | Noticed Ilsuiw
 65236 | Shoals:4 | Killed Ilsuiw
 65733 | Shoals:4 | Reached skill level 10 in Invocations
 66330 | Shoals:4 | Identified the ring "Wodav" {rC+ Dex+7}
 67079 | Depths:1 | Entered Level 1 of the Depths
 67529 | Depths:1 | Reached XP level 22. HP: 204/204 MP: 20/29
 67535 | Depths:1 | Received a gift from Okawaru
 67577 | Depths:1 | Found a gateway to Hell.
 68074 | Depths:1 | Reached skill level 15 in Bows
 68216 | Depths:1 | Reached skill level 1 in Air Magic
 68507 | Depths:1 | Noticed Saint Roka
 68518 | Depths:1 | Killed Saint Roka
 69009 | Depths:1 | Found Dauga's Gadget Shop.
 69009 | Depths:1 | Found Jimnyasy's Jewellery Emporium.
 69010 | Depths:1 | Found Dizxuos's Jewellery Emporium.
 69010 | Depths:1 | Noticed Nikola
 69020 | Depths:1 | Killed Nikola
 69197 | Depths:2 | Noticed Margery
 69222 | Depths:2 | Killed Margery
 69222 | Depths:2 | Received a gift from Okawaru
 69229 | Depths:2 | Reached skill level 5 in Air Magic
 70213 | Depths:2 | Received a gift from Okawaru
 70724 | Depths:2 | Found a gateway to a bazaar.
 70735 | Bazaar   | Entered a bazaar
 70739 | Bazaar   | Found Doagemm's Assorted Antiques.
 70757 | Bazaar   | Found Bucleaj's Antique Armour Emporium.
 70774 | Bazaar   | Found Orim's Book Boutique.
 70791 | Bazaar   | Found Yhuqyenk's Antique Weapon Shoppe.
 70813 | Bazaar   | Bought a scroll of magic mapping for 98 gold pieces
 71384 | Depths:2 | Received a gift from Okawaru
 72064 | Depths:3 | Noticed Jory
 72082 | Depths:3 | Killed Jory
 72082 | Depths:3 | Received a gift from Okawaru
 72347 | Depths:3 | Found Ufosk's General Store.
 72351 | Depths:3 | Found Loshrote's Assorted Antiques.
 72352 | Depths:3 | Found Eploife's Jewellery Boutique.
 72353 | Depths:3 | Found Gocwa's Assorted Antiques.
 72362 | Depths:3 | Reached skill level 1 in Spellcasting
 72558 | Depths:3 | Found a one-way gate leading to the halls of Pandemonium.
 72577 | Depths:3 | Reached XP level 23. HP: 183/211 MP: 26/31
 72615 | Depths:3 | Identified the +8 broad axe of the Final Decision {speed,
                  | rF+}
 72773 | Depths:3 | Reached skill level 5 in Spellcasting
 73114 | Depths:3 | Found a basalt altar of Yredelemnul.
 73170 | Depths:3 | Received a gift from Okawaru
 73660 | Depths:1 | Bought the amulet "Heos" {Faith Int+4 Dex+4} for 1084 gold
                  | pieces
 74137 | Depths:4 | Reached skill level 1 in Necromancy
 74390 | Depths:4 | Received a gift from Okawaru
 75230 | Elf:3    | Entered Level 3 of the Elven Halls
 75381 | Elf:3    | Received a gift from Okawaru
 75795 | Elf:3    | Reached skill level 5 in Necromancy
 75808 | Elf:3    | Received a gift from Okawaru
 75962 | Elf:3    | Received a gift from Okawaru
 76037 | Elf:3    | Identified the +2 pair of boots "Ysmun" {MP+9} (Okawaru
                  | gifted it to you on level 3 of the Elven Halls)
 76256 | Elf:3    | Identified the cursed +1 hand axe of Ajaux {freeze, rC+
                  | Str+4 Dex+3}
 76318 | Elf:3    | Reached skill level 1 in Transmutations
 76329 | Elf:3    | Identified the +5 hand axe "Axefepp" {flame, rPois rF- rC-
                  | Str+8}
 76459 | Elf:3    | Identified the ring of Qeroer {rN+ Str-2 Int+4 Slay+4 SInv}
 76839 | Elf:3    | Learned a level 3 spell: Vampiric Draining
 76844 | Elf:3    | Learned a level 4 spell: Animate Dead
 76848 | Elf:3    | Learned a level 3 spell: Portal Projectile
 77242 | Depths:4 | Reached skill level 1 in Translocations
 77395 | Depths:4 | Found a one-way gate to the infinite horrors of the Abyss.
 77633 | Depths:4 | Paralysed by a great orb of eyes for 5 turns
 77717 | Depths:4 | Reached skill level 5 in Translocations
 78131 | Depths:4 | Found Ocriyguv's Assorted Antiques.
 78139 | Depths:4 | Bought a glowing cloak for 367 gold pieces
 78464 | Depths:5 | Entered Level 5 of the Depths
 79546 | Depths:5 | Reached XP level 24. HP: 220/220 MP: 31/31
 79922 | Depths:5 | Received a gift from Okawaru
 80697 | Depths:5 | Reached skill level 10 in Translocations
 80704 | Depths:5 | Received a gift from Okawaru
 80849 | Depths:5 | Found a gate to the Realm of Zot.
 81230 | Depths:5 | Found a gateway to a ziggurat.
 81347 | Depths:5 | Received a gift from Okawaru
 82008 | Crypt:1  | Entered Level 1 of the Crypt
 82125 | Crypt:1  | Reached skill level 1 in Hexes
 82141 | Crypt:1  | Received a gift from Okawaru
 83085 | Crypt:1  | Found a transporter.
 83085 | Crypt:1  | Identified the cursed +0 hand axe of the Wraith {vorpal,
                  | Int+8}
 83123 | Crypt:1  | Paralysed by a vampire knight for 5 turns
 83506 | Crypt:1  | Found a transporter.
 83790 | Crypt:2  | Received a gift from Okawaru
 83798 | Crypt:2  | Reached skill level 5 in Hexes
 84310 | Crypt:2  | Received a gift from Okawaru
 84384 | Crypt:2  | Noticed Xtahua
 84395 | Crypt:2  | Killed Xtahua
 84474 | Crypt:2  | Received a gift from Okawaru
 85195 | Crypt:2  | Noticed a greater mummy
 85206 | Crypt:2  | Killed a greater mummy
 86161 | Crypt:2  | Received a gift from Okawaru
 86182 | Crypt:3  | Entered Level 3 of the Crypt
 87292 | Crypt:3  | Got a coiled tin ring
 87298 | Crypt:3  | Identified the ring of the Hare {rF+++ rC- rN+ MR+++
                  | Slay-2} (You found it on level 3 of the Crypt)
 87310 | Crypt:3  | Identified the ring "Peyjuin" {rPois rN+ Dex+3 Stlth+} (You
                  | found it on level 3 of the Crypt)
 87313 | Crypt:3  | Identified the ring "Tioschaff" {rN+ MP+9 Str-2 Dex-3
                  | Stlth+} (You found it on level 3 of the Crypt)
 87933 | Crypt:3  | Received a gift from Okawaru
 88605 | Crypt:3  | Found a staircase to the Tomb.
 88655 | Crypt:3  | Reached XP level 25. HP: 226/226 MP: 31/31
 88962 | Crypt:3  | Received a gift from Okawaru
 89078 | Crypt:3  | Received a gift from Okawaru
 89354 | Crypt:3  | Received a gift from Okawaru
 89649 | Crypt:3  | Noticed Khufu
 89650 | Crypt:3  | Reached skill level 10 in Hexes
 89651 | Crypt:3  | Noticed a greater mummy
 91003 | Depths:3 | Bought a scroll of enchant weapon for 195 gold pieces
 91013 | Depths:3 | Bought a wand of iceblast (9) for 104 gold pieces
 91013 | Depths:3 | Bought a potion of cancellation for 208 gold pieces
 91077 | Depths:1 | Bought a wand of iceblast (6) for 200 gold pieces
 91140 | Depths:3 | Bought a scroll of fog for 36 gold pieces
 91140 | Depths:3 | Bought 2 scrolls of fear for 126 gold pieces
 91146 | Depths:3 | Bought a potion of haste for 370 gold pieces
 91146 | Depths:3 | Bought a scroll of fog for 74 gold pieces
 91146 | Depths:3 | Bought a scroll of silence for 277 gold pieces
 91437 | Vaults:5 | Entered Level 5 of the Vaults
 91437 | Vaults:5 | Found the +4 Cigotuvi's embrace {rRot *Drain rN+}
 92091 | Vaults:5 | Received a gift from Okawaru
 92461 | Vaults:5 | Received a gift from Okawaru
 92474 | Vaults:5 | Received a gift from Okawaru
 93151 | Vaults:5 | Received a gift from Okawaru
 94425 | Vaults:5 | Identified the +6 quarterstaff "Funnutwuan" {protect, rPois
                  | rF+ rN+ MP+9}
 94522 | Vaults:5 | Received a gift from Okawaru
 95200 | Vaults:5 | Got a silver rune of Zot
 96030 | Vaults:5 | Noticed an ancient lich
 96044 | Vaults:5 | Killed an ancient lich
 96044 | Vaults:5 | Reached skill level 10 in Necromancy
 96141 | Vaults:5 | Reached XP level 26. HP: 201/234 MP: 29/34
 96293 | Vaults:5 | Received a gift from Okawaru
 96831 | Vaults:5 | Identified Aducunyi's Incunabulum of Dusty Poison
 97748 | D:9      | Reached skill level 1 in Earth Magic
 97771 | D:9      | Identified the +9 scythe of Ancient Evil {venom, Str+2
                  | Int+7} (You found it on level 9 of the Dungeon)
 97968 | Lair:6   | Killed marklar909's ghost
 97983 | Lair:6   | Identified the +6 dagger of the Radish {vorpal, rC- rN+
                  | Int+3} (You found it on level 6 of the Lair of Beasts)
 98111 | Snake:1  | Killed Egunifem's ghost
 98728 | Zig:1    | Entered Level 1 of a ziggurat
 98752 | Zig:2    | Entered Level 2 of a ziggurat
 99048 | Zig:3    | Entered Level 3 of a ziggurat
 99054 | Zig:3    | Received a gift from Okawaru
 99135 | Zig:4    | Entered Level 4 of a ziggurat
 99139 | Zig:4    | Noticed a greater mummy
 99154 | Zig:4    | Killed a greater mummy
 99154 | Zig:4    | Received a gift from Okawaru
 99706 | Zig:4    | Identified the +6 falchion of Helul {venom, rPois rC+
                  | Str+2} (You found it on level 4 of a ziggurat)
 99710 | Zig:5    | Entered Level 5 of a ziggurat
 99808 | Zig:5    | Reached skill level 5 in Transmutations
 99808 | Zig:5    | Reached XP level 27. HP: 229/242 MP: 34/34
 99822 | Zig:6    | Entered Level 6 of a ziggurat
 99831 | Zig:6    | Received a gift from Okawaru
100239 | Zig:6    | Learned a level 3 spell: Mephitic Cloud
100240 | Zig:7    | Entered Level 7 of a ziggurat
100486 | Zig:7    | Found the +0 sword of Power
100491 | Zig:7    | Identified the Handbook of Aerial Flames
100500 | Zig:7    | Got a sparkling golden ring
100510 | Zig:7    | Identified the ring "Dyqary" {Fire rN+} (You found it on
                  | level 7 of a ziggurat)
100524 | Zig:8    | Entered Level 8 of a ziggurat
100536 | Zig:8    | Noticed Nuinet the pandemonium lord
100551 | Zig:8    | Killed Nuinet the pandemonium lord
100551 | Zig:8    | Received a gift from Okawaru
100555 | Zig:8    | Reached skill level 5 in Earth Magic
101124 | Zig:8    | Got a bound steel ring
101125 | Zig:8    | Identified the Reference Book on Lightness and Enchantment
101131 | Zig:8    | Identified the ring of Tuihod {*Drain +Inv Str+3 Stlth-}
                  | (You found it on level 8 of a ziggurat)
101142 | Zig:9    | Entered Level 9 of a ziggurat
101157 | Zig:9    | Noticed Befijy the pandemonium lord
101165 | Zig:9    | Killed Befijy the pandemonium lord
101165 | Zig:9    | Received a gift from Okawaru
101270 | Zig:9    | Got a transparent mace
101271 | Zig:9    | Identified the +10 mace "Nuxe" {pain, Str+4 Int-4 Dex+2}
                  | (You found it on level 9 of a ziggurat)
101782 | Depths:1 | Bought the ring of Kixiache {rF+ rC+ Str+6} for 1510 gold
                  | pieces
101931 | Zot:1    | Entered Level 1 of the Realm of Zot
103214 | Zot:1    | Reached skill level 10 in Earth Magic
103249 | Zot:1    | Received a gift from Okawaru
103971 | Zot:1    | Received a gift from Okawaru
105936 | Zot:2    | Received a gift from Okawaru
105988 | Zot:2    | Reached skill level 10 in Transmutations
106628 | Zot:2    | Reached skill level 19 in Fighting
107401 | Zot:2    | Received a gift from Okawaru
107464 | Zot:2    | Got a pair of crude gloves {god gift}
107475 | Zot:2    | Identified the +1 pair of gloves of Peiduil {rC+ Int+5}
                  | (Okawaru gifted it to you on level 2 of the Realm of Zot)
107938 | Zot:1    | Reached skill level 20 in Fighting
109553 | Slime:1  | Entered Level 1 of the Pits of Slime
109592 | Slime:2  | Gained mutation: Your magical capacity is low. (-10% MP) [a
                  | shining eye]
113158 | Slime:4  | Reached skill level 21 in Fighting
114104 | Slime:5  | Entered Level 5 of the Pits of Slime
114112 | Slime:5  | Gained mutation: Your body sometimes deteriorates upon
                  | taking damage. [a shining eye]
114115 | Slime:5  | Gained mutation: Your magical capacity is very low. (-20%
                  | MP) [a shining eye]
114141 | Slime:5  | Found a viscous altar of Jiyva.
114146 | Slime:5  | Noticed the Royal Jelly
115200 | Slime:5  | Was placed under penance by Okawaru
116149 | Slime:1  | Gained mutation: Scrolls take you a little longer to read.
                  | [mutagenic glow]
116470 | Hell     | Entered the Vestibule of Hell
116470 | Hell     | Noticed Geryon
118442 | Depths:1 | Reached skill level 22 in Fighting
120094 | Hell     | Was forgiven by Okawaru
120675 | Vaults:1 | Lost mutation: Your body sometimes deteriorates upon taking
                  | damage. [potion of mutation]
120675 | Vaults:1 | Lost mutation: Your magical capacity is very low. (-20% MP)
                  | [potion of mutation]
120675 | Vaults:1 | Lost mutation: Scrolls take you a little longer to read.
                  | [potion of mutation]
120675 | Vaults:1 | Lost mutation: Your magical capacity is low. (-10% MP)
                  | [potion of mutation]
120675 | Vaults:1 | Gained mutation: Your flesh is heat resistant. (rF+)
                  | [potion of mutation]
120675 | Vaults:1 | Gained mutation: You expend magic power (3 MP) to
                  | strengthen your wands. [potion of mutation]
120675 | Vaults:1 | Gained mutation: Your natural rate of healing is unusually
                  | fast. [potion of mutation]
121703 | Zot:3    | Reached skill level 23 in Fighting
122549 | Zot:4    | Received a gift from Okawaru
122649 | Zot:4    | Received a gift from Okawaru
123228 | Zot:4    | Acquired 347 gold pieces
123356 | Zot:4    | Reached skill level 24 in Fighting
123760 | Zot:5    | Entered Level 5 of the Realm of Zot
123875 | Zot:5    | Received a gift from Okawaru
124075 | Zot:5    | Got a pitted turquoise ring
124078 | Zot:5    | Identified the ring of Dusyle {MR+ Slay-2 SInv Stlth+} (You
                  | found it on level 5 of the Realm of Zot)
124659 | Zot:5    | Reached skill level 25 in Fighting
124807 | Zot:5    | Noticed an orb of fire
124810 | Zot:5    | Noticed an orb of fire
124813 | Zot:5    | Gained mutation: You are clumsy. (Dex -2) [an orb of fire]
124815 | Zot:5    | Noticed an orb of fire
124816 | Zot:5    | Noticed an orb of fire
124821 | Zot:5    | Noticed an orb of fire
124825 | Zot:4    | Gained mutation: Your body sometimes deteriorates upon
                  | taking damage. [an orb of fire]
124827 | Zot:4    | Gained mutation: You are weak. (Str -2) [an orb of fire]
124829 | Zot:4    | Killed an orb of fire
124839 | Zot:4    | Gained mutation: Scrolls take you a little longer to read.
                  | [an orb of fire]
124842 | Zot:4    | Killed an orb of fire
125143 | Zot:5    | Lost mutation: Your natural rate of healing is unusually
                  | fast. [an orb of fire]
125146 | Zot:5    | Noticed an ancient lich
125152 | Zot:5    | Gained mutation: You are very clumsy. (Dex -4) [an orb of
                  | fire]
125153 | Zot:5    | Killed an orb of fire
125163 | Zot:5    | Gained mutation: You are frail. (-10% HP) [an orb of fire]
125164 | Zot:5    | Killed an ancient lich
125176 | Zot:5    | Killed an orb of fire
125176 | Zot:5    | Received a gift from Okawaru
125176 | Zot:5    | Reached skill level 26 in Fighting
125181 | Zot:5    | Noticed an orb of fire
125193 | Zot:5    | Killed an orb of fire
125194 | Zot:5    | Lost mutation: Scrolls take you a little longer to read.
                  | [potion of mutation]
125194 | Zot:5    | Lost mutation: You are very clumsy. (Dex -4) [potion of
                  | mutation]
125194 | Zot:5    | Lost mutation: You are frail. (-10% HP) [potion of
                  | mutation]
125194 | Zot:5    | Lost mutation: You are clumsy. (Dex -2) [potion of
                  | mutation]
125194 | Zot:5    | Lost mutation: Your body sometimes deteriorates upon taking
                  | damage. [potion of mutation]
125194 | Zot:5    | Gained mutation: You are partially covered in iridescent
                  | scales. (AC +2) [potion of mutation]
125194 | Zot:5    | Gained mutation: You are partially covered in molten
                  | scales. (AC +2) [potion of mutation]
125223 | Zot:5    | Noticed an orb of fire
125224 | Zot:5    | Gained mutation: Scrolls take you a little longer to read.
                  | [an orb of fire]
125240 | Zot:5    | Gained mutation: Your magical capacity is low. (-10% MP)
                  | [an orb of fire]
125245 | Zot:4    | Gained mutation: Armour fits poorly on your strangely
                  | shaped body. [an orb of fire]
125248 | Zot:4    | Killed an orb of fire
125248 | Zot:4    | Received a gift from Okawaru
125248 | Zot:4    | Received a gift from Okawaru
125677 | Zot:5    | Noticed an orb of fire
125696 | Zot:5    | Killed an orb of fire
125794 | Zot:5    | Killed an orb of fire
125912 | Zot:5    | Reached skill level 27 in Fighting
126194 | Zot:5    | Received a gift from Okawaru
126752 | Zot:5    | Received a gift from Okawaru
127148 | Zot:5    | Got a flickering turquoise ring
127659 | Zot:5    | Got the Orb of Zot
127722 | Zot:2    | Identified the ring of Nuosarud {rF++ Int+2 Stlth-} (You
                  | found it on level 5 of the Realm of Zot)
128108 | D:5      | Noticed Nossihul the pandemonium lord
128129 | D:5      | Paralysed by Nossihul for 2 turns
128204 | D:3      | Noticed Juvvol the pandemonium lord
128324 | D:1      | Noticed Purudix the pandemonium lord
128329 | D:$      | Escaped with the Orb!

Illustrated notes

Levels and vault maps discovered:
D:1:      nzn_arrival_settlement, layout_basic, serial_forest,
          infiniplex_forest_clump_diagonal, infiniplex_forest_clump_curved,
          infiniplex_forest_3_way, infiniplex_forest_clump_diagonal,
          infiniplex_forest_straight_2, infiniplex_forest_lined_3,
          infiniplex_forest_lined_ring, infiniplex_forest_diagonal
D:2:      layout_basic, uniq_terence
D:3:      layout_basic, minitemple, chequers_ecumenical_altar_lobes
D:4:      layout_basic, kennysheep_little_box, serial_shops,
          nicolae_shop_behind_doors, chequers_avenue, eino_tiny_chamber,
          roderic_roman_lattice, chequers_serial_rivers_micro_e
D:5:      layout_basic, overflow_temple_1_default, cheibrodos_worm_habitat,
          uniq_grinder, uniq_pikel, uniq_ijyb
D:6:      layout_cave_pods, serial_shops, nicolae_shop_crystal, uniq_eustachio,
          uniq_crazy_yiuf_cottage
D:7:      layout_rooms, minmay_temple_entry_wispy, minmay_mini_ossuary,
          uniq_harold
D:8:      layout_basic, lemuel_coloured_pillars_altar, david_lair_generic,
          serial_ice, serial_ice_g, serial_ice_i, serial_ice_n, serial_ice_a,
          serial_shops, shop_statue
D:9:      gammafunk_jiyva_shrine, layout_cross,
          nemelex_xobeh_ov_fountains_minmay, lemuel_crystal_altar, uniq_maurice
D:10:     hangedman_cross_cluster, layout_long_grid, uniq_josephine, uniq_erica
D:11:     layout_cave_pools
D:12:     layout_basic, orc_david_3, gauntlet_entry_generic, serial_shops,
          nicolae_shop_window_shopping
D:13:     layout_loops_ring, kennysheep_cross_room
D:14:     layout_basic, hangedman_vaults_entry_quadrant_bands,
          serial_park_tiny_1, nicolae_ru_sacrificial_ziggurat
D:15:     hangedman_depths_entry_try_elsewhere_first, layout_gridville,
          serial_park_avenue1, minmay_fractal_squares_gapless_5
Lair:1:   layout_gridlike, chequers_serial_rivers_small_a, uniq_urug, uniq_grum
Lair:2:   layout_misc_corridors, uniq_sonja
Lair:3:   layout_hall_layers, minmay_snake_entry_six_corridors
Lair:4:   nzn_motion_control, layout_misc_corridors, shoals_dummy_entry
Lair:5:   onia_ninara_swampy_vault, layout_regular_city, slime_altar_1
Lair:6:   gammafunk_lair_ancient_temple, layout_cave_shapes,
          gammafunk_ghost_arena, zaba_antful_of_joy
Shoals:1: layout_shoals, serial_shops, nicolae_shop_overgrown_old_shop,
          lemuel_centaur_altar
Shoals:2: layout_shoals
Shoals:3: layout_shoals, kb_tengu_band
Shoals:4: shoals_end_grunt_garden, layout_shoals, shoals_ilsuiw_alternative
Snake:1:  layout_chambers, gammafunk_ghost_grave, serial_bayou_shore_b,
          uniq_rupert, uniq_azrael
Snake:2:  layout_layer_cave, basic_altar, minmay_shoptagon, uniq_frances,
          uniq_asterion, uniq_aizul
Snake:3:  layout_rooms, uniq_roxanne
Snake:4:  snake_pit, layout_misc_corridors, st_stairs_5, drop_trap
Slime:1:  layout_caves
Slime:2:  layout_caves
Slime:3:  layout_caves
Slime:4:  cheibrodos_slime_lost_civilization_9, layout_caves
Slime:5
Orc:1:    layout_caves, ebering_ghost_xom, serial_shops, shop, uniq_nergalle,
          uniq_erolcha
Orc:2:    grunt_orc_gardens, layout_caves, grunt_orc_garden, grunt_orc_garden,
          grunt_orc_garden, grunt_orc_garden, nicolae_volcano_entry_two_sided
Elf:1:    elf_arrival_001, layout_gridlike, serial_shops, nicolae_shop_trees,
          shop, portal_desolation_entry_twin_temple, hangedman_elf_represent,
          nrook_mini_backslash, minivault_19,
          nicolae_elf_glass_and_crystal_pillar_1, minivault_27
Elf:2:    layout_gridlike, drop_trap, fountainhead, hangedman_summoners_spam
Elf:3:    minmay_elf_hall_dome, layout_geoelf_castle, serial_glass,
          glass_columns_a, glass_columns_a, serial_shops,
          nicolae_shop_behind_doors
Vaults:1: vaults_room_stairs_pillars, nicolae_vaults_arrows,
          nicolae_vaults_network_square, hangedman_vaults_trim,
          nicolae_vaults_windows_and_doors_thing, v_misc_13, v_pattern_4,
          v_misc_32, vaults_room_pool, st_cells, vaults_room_hallway,
          layout_vaults_omnibox
Vaults:2: nicolae_vaults_little_squares_5, blue_anna_dwarven_crypt,
          vaults_room_door_ring, vaults_standard_mumra_lines,
          nicolae_vaults_mini_display_case, layout_vaults_omnigrid
Vaults:3: nicolae_vaults_rhombus_7, v_misc_19, vaults_room_hallway, v_rooms_6,
          st_lattice, vaults_room_door_hall, hangedman_vaults_capsules,
          grunt_vaults_hallway_long, nicolae_vaults_network_quinsquares
          [nicolae_vaults_network_quincunx_subvault,
          nicolae_vaults_network_quincunx_subvault,
          nicolae_vaults_network_quincunx_subvault,
          nicolae_vaults_network_quincunx_subvault], nicolae_vaults_big_ls,
          ontoclasm_vaults_ligature, nicolae_vaults_little_squares_4,
          grunt_vaults_focal, layout_vaults_omnicross
Vaults:4: v_misc_10, hangedman_vaults_river_flow, vaults_mumra_minichess,
          vaults_standard_mumra_enter_the_diamond, vaults_dpeg_hooks,
          hangedman_vaults_slice, ontoclasm_vaults_ring_large,
          hangedman_vaults_nodes, v_misc_19, nicolae_vaults_hallways_thing,
          nicolae_vaults_quartermaster, layout_vaults_maze_bifur, serial_shops,
          shop_fountains, infiniplex_enter_wizlab_glasses, uniq_donald
Vaults:5: serial_shops
Crypt:1:  gammafunk_sealed_arena, layout_rooms, grunt_crypt_arrival_split
Crypt:2:  lemuel_minitomb, layout_misc_corridors, uniq_xtahua
Crypt:3:  due_elkab, layout_chaotic_city, tomb_entry_forgotten_bobbens,
          grunt_ministairs_1, minmay_misc_feat_rows, uniq_khufu
Depths:1: layout_twisted_cross, pf_hell_entry_tar_river, hangedman_decor_push,
          minmay_shattered_shrine, serial_bayou_shore_b, minmay_shop_grove,
          uniq_saint_roka, uniq_nikola
Depths:2: cheibrodos_lost_city_excavation, layout_gridville, serial_shops,
          statue_bzr, minmay_misc_feat_alley, serial_co_window_serial,
          co_window_paths_a, co_window_paths_a, co_window_corner_a,
          co_window_of_opportunity_a, co_window_corner_a, co_window_corner_a,
          co_window_of_opportunity_b, co_window_broadway_a, co_window_paths_c,
          co_window_of_opportunity_b, co_window_broadway_a, co_window_paths_d,
          glass_columns_b, glass_columns_a, grunt_metal_band, minivault_15,
          minmay_staircase_statues, serial_bayou_shore_b
Depths:3: grunt_deathspiral_small, layout_basic, grunt_hell_entry_dis_old,
          old_standard_altar, pan_entry, minmay_shop_grid_forest,
          infiniplex_staircase_zigzag_2, uniq_margery, uniq_jory
Depths:4: kennysheep_room_grid, layout_gridville, serial_shops, shop,
          abyss_entry, hell_entry, minmay_misc_feat_iff
Depths:5: grunt_zot_entry_bicorn, layout_cave_pools, enter_ziggurat_c,
          abyss_entry, hangedman_geh_valley
Hell
Zot:1:    hangedman_zot_vaults_quadrants, layout_concentric_octagons,
          guppyfry_library_mini
Zot:2:    lemuel_halls_of_wrath, layout_basic, zot_minivault_4
Zot:3:    layout_concentric_octagons
Zot:4:    layout_gridville
Zot:5:    layout_onion, st_stairs_9

Skill      XL: |  1  2  3  4  5  6  7  8  9 10 11 12 13 14 15 16 17 18 19 20 21 22 23 24 25 26 27 |
---------------+----------------------------------------------------------------------------------+-----
Polearms       | 3 4 6 7 9 11 13 18 20 23 | 23.7
Fighting       | 4 11 13 14 15 18 27 | 27.0
Invocations    | 2 7 9 11 12 | 12.0
Armour         | 7 9 10 12 13 15 18 19 | 19.7
Throwing       | 3 |  3.0
Bows           | 2 10 11 12 13 14 15 | 15.1
Evocations     | 7 10 11 13 14 | 14.7
Dodging        | 10 11 12 13 16 18 | 18.9
Air Magic      | 9 |  9.0
Spellcasting   | 3 6 8 |  8.0
Necromancy     | 7 10 11 | 11.0
Transmutations | 2 5 11 | 11.0
Translocations | 8 11 | 11.0
Hexes          | 9 10 | 10.9
Earth Magic    | 3 11 | 11.4
Shields        | |  3.6

Action                   |  1- 3 |  4- 6 |  7- 9 | 10-12 | 13-15 | 16-18 | 19-21 | 22-24 | 25-27 || total
-------------------------+-------+-------+-------+-------+-------+-------+-------+-------+-------++-------
Melee: Trident           |    87 |   187 |   302 |    28 |       |       |       |       |       ||   604
       Headbutt          |    10 |    25 |    38 |    66 |    12 |    92 |   121 |   108 |   127 ||   599
       Halberd           |       |       |       |   352 |    59 |       |       |       |       ||   411
       Glaive            |       |       |       |       |    24 |    42 |       |       |       ||    66
       Bardiche          |       |       |       |       |       |   241 |   403 |   412 |   486 ||  1542
       Longbow           |       |       |       |       |       |     1 |       |       |       ||     1
 Fire: Longbow           |       |       |       |   190 |  1069 |  1040 |  1184 |  1254 |  1788 ||  6525
Throw: Dart              |    27 |    53 |    61 |    56 |     2 |       |       |       |       ||   199
       Boomerang         |       |       |    33 |       |       |       |       |       |       ||    33
 Cast: Animate Skeleton  |       |       |       |       |       |       |       |     6 |    13 ||    19
       Swiftness         |       |       |       |       |       |       |       |     1 |     4 ||     5
       Portal Projectile |       |       |       |       |       |       |       |     1 |    56 ||    57
       Animate Dead      |       |       |       |       |       |       |       |       |    34 ||    34
       Wereblood         |       |       |       |       |       |       |       |       |    23 ||    23
       Passwall          |       |       |       |       |       |       |       |       |    18 ||    18
Invok: Heroism           |       |       |    11 |    32 |    37 |    26 |    17 |    18 |    57 ||   198
       Finesse           |       |       |       |       |     8 |     9 |    15 |    15 |    22 ||    69
 Abil: Evoke Invisibilit |       |       |       |       |       |       |    16 |    16 |    15 ||    47
Evoke: Wand              |       |       |       |     8 |       |    22 |    21 |    17 |    92 ||   160
       Condenser vane    |       |       |       |     1 |     8 |    13 |    19 |    21 |    26 ||    88
       Box of beasts     |       |       |       |       |     1 |    10 |    15 |    14 |    26 ||    66
       Lightning rod     |       |       |       |       |       |     7 |     4 |    10 |    22 ||    43
       Tin of tremorston |       |       |       |       |       |       |     1 |    21 |    26 ||    48
       Phantom mirror    |       |       |       |       |       |       |       |     2 |     3 ||     5
       Phial of floods   |       |       |       |       |       |       |       |       |    11 ||    11
  Use: Potion            |     1 |       |     9 |     4 |     1 |     6 |       |     1 |    37 ||    59
       Scroll            |       |       |     9 |    14 |    22 |    20 |    21 |    22 |    53 ||   161
 Stab: Invisible         |       |       |     6 |     5 |       |       |     8 |    14 |     4 ||    37
       Confused          |       |       |       |       |     3 |       |       |       |     1 ||     4
       Distracted        |       |       |       |       |       |     1 |     1 |     1 |     2 ||     5
Armor: Scale mail        |    23 |    47 |     2 |       |       |       |       |       |       ||    72
       Chain mail        |       |       |   106 |   108 |       |       |       |       |       ||   214
       Skin              |       |       |   166 |    11 |       |       |       |       |       ||   177
       Plate armour      |       |       |       |   179 |   388 |   353 |   407 |   111 |       ||  1438
       Gold dragon scale |       |       |       |       |       |       |       |   385 |   994 ||  1379
Dodge: Dodged            |    21 |    47 |    61 |   179 |   223 |   355 |   435 |   587 |   926 ||  2834
Block: Kite shield       |    30 |    71 |   201 |     5 |       |       |       |       |       ||   307
       Rpst.: Bardiche   |       |       |       |       |       |    12 |    49 |     3 |       ||    64
       Longbow           |       |       |       |       |       |    11 |    27 |     3 |       ||    41

Table legend: (Time is in decaauts)
 A = Elapsed time spent in this place.
 B = Non-inter-level travel time spent in this place.
 C = Inter-level travel time spent in this place.
 D = Time resting spent in this place.
 E = Time spent auto-exploring this place.
 F = Levels seen in this place.
 G = Mean time per level.
                   A        B        C        D        E       F      G
               +--------+--------+--------+--------+--------+-----+--------+
         Total | 123930 | 110403 |  13527 |  45522 |  43039 |  72 | 1721.2 |
       Dungeon |  23349 |  18534 |   4815 |   4093 |  10368 |  15 | 1556.6 |
          Lair |  10729 |   8541 |   2188 |   2259 |   4498 |   6 | 1788.2 |
        Shoals |   8199 |   7668 |    531 |   3470 |   2985 |   4 | 2049.8 |
     Snake Pit |   7413 |   6827 |    586 |   1726 |   3742 |   4 | 1853.2 |
    Slime Pits |   4894 |   4797 |     97 |   3363 |    894 |   5 |  978.8 |
  Orcish Mines |   1878 |   1393 |    485 |    156 |    915 |   2 |  939.0 |
   Elven Halls |   6129 |   5431 |    698 |   1685 |   2544 |   3 | 2043.0 |
        Vaults |  16240 |  14614 |   1626 |   5749 |   6073 |   5 | 3248.0 |
         Crypt |   8587 |   8143 |    444 |   5122 |   1498 |   3 | 2862.3 |
        Depths |  16719 |  14985 |   1734 |   8705 |   4000 |   5 | 3343.8 |
          Hell |    344 |    344 |      0 |     73 |    105 |   1 |  344.0 |
           Zot |  12001 |  11682 |    319 |   4525 |   4689 |   5 | 2400.2 |
         Abyss |    132 |    132 |      0 |     81 |      0 |   1 |  132.0 |
      Ziggurat |   2835 |   2835 |      0 |   2333 |     19 |   9 |  315.0 |
        Bazaar |     95 |     95 |      0 |      0 |     62 |   1 |   95.0 |
       Volcano |    268 |    268 |      0 |      4 |    100 |   1 |  268.0 |
    Desolation |   3618 |   3618 |      0 |   2049 |    524 |   1 | 3618.0 |
      Gauntlet |    492 |    492 |      0 |    123 |     18 |   1 |  492.0 |
               +--------+--------+--------+--------+--------+-----+--------+

Top non-repeatable levels by time:
Depths:1: 6087 daAuts
Vaults:5: 5760 daAuts
 Crypt:2: 4210 daAuts
Desolation: 3618 daAuts
Vaults:1: 3385 daAuts
   Zot:1: 3213 daAuts
   Zot:5: 2995 daAuts
Depths:2: 2837 daAuts
     D:8: 2791 daAuts
Depths:4: 2726 daAuts
Depths:5: 2724 daAuts
   Elf:2: 2627 daAuts
   Zot:2: 2582 daAuts
Vaults:4: 2526 daAuts
Vaults:3: 2504 daAuts
